 Dungeon Crawl Stone Soup version 0.22.0-49-gab54619 (webtiles) character file.

7650 ssg the Martial Artist (level 10, 0/77 HPs)
             Began as a Demonspawn Monk on Sept 6, 2018.
             Was an Elder of Makhleb.
             Slain by a death yak (14 damage)
             ... on level 10 of the Dungeon.
             The game lasted 00:16:21 (11916 turns).

ssg the Martial Artist (Demonspawn Monk)           Turns: 11916, Time: 00:16:21

Health: 0/77       AC: 19    Str: 17    XL:     10   Next: 99%
Magic:  16/16      EV:  7    Int: 11    God:    Makhleb [****..]
Gold:   152        SH:  0    Dex: 16    Spells: 9/9 levels left

rFire    + + .     SeeInvis .     - Unarmed
rCold    . . .     Gourm    .   (no shield)
rNeg     . . .     Faith    +   D - +0 plate armour
rPois    .         Spirit   .   t - +1 helmet
rElec    .         Reflect  .   (no cloak)
rCorr    .         Harm     .   (no gloves)
MR       .....                  w - +0 pair of boots
Stlth    ..........             G - amulet of faith
HPRegen  0.22/turn              j - +2 ring of strength
MPRegen  0.15/turn              d - ring of protection from fire

@: no status effects
A: claws 2, icy blue scales 1, blurry vision 1, fire resistance 1, no potion
heal 1
a: Minor Destruction, Lesser Servant of Makhleb, Major Destruction, Renounce
Religion


You were on level 10 of the Dungeon.
You worshipped Makhleb.
Makhleb was greatly pleased with you.
You were not hungry.

You visited 2 branches of the dungeon, and saw 12 of its levels.

You collected 572 gold pieces.
You spent 420 gold pieces at shops.

Inventory:

Missiles
 r - 17 tomahawks (quivered)
Armour
 b - a +0 robe
 f - a +0 helmet
 h - a +0 leather armour
 k - a +0 scale mail
 t - a +1 helmet (worn)
 v - a +5 scale mail
 w - a +0 pair of boots (worn)
 D - a +0 plate armour (worn)
Jewellery
 d - a ring of protection from fire (right claw)
 j - a +2 ring of strength (left claw)
 l - an uncursed ring of teleportation
 m - an uncursed amulet of regeneration
 G - an amulet of faith (around neck)
Wands
 i - a wand of scattershot (5)
 B - a wand of random effects (29)
 C - a wand of iceblast (6)
Scrolls
 a - 2 scrolls of enchant armour
 g - a scroll of enchant weapon
 n - a scroll of noise
 q - 3 scrolls of remove curse
 s - 5 scrolls of teleportation
 x - a scroll of amnesia
 y - 2 scrolls of fear
Potions
 e - 3 potions of flight
 o - a potion of might
 p - 2 potions of brilliance
 z - a potion of magic
 A - a potion of haste {unknown}
 F - a potion of curing
Comestibles
 c - 17 rations


   Skills:
 - Level 6.3 Fighting
   Level 2.8 Long Blades
 * Level 8.7 Armour
 - Level 2.6 Dodging
 - Level 1.7 Stealth
 * Level 9.9 Unarmed Combat
 + Level 9.0 Invocations


You had 9 spell levels left.
You didn't know any spells.
Your spell library contained the following spells:

 Spells                   Type           Power        Failure   Level  Hunger
 Magic Dart               Conj           #...         100%        1    ##.....
 Shock                    Conj/Air       #...         100%        1    ##.....
 Sting                    Conj/Pois      #...         100%        1    ##.....
 Blink                    Tloc           N/A          100%        2    ###....
 Call Imp                 Summ           #.......     100%        2    ###....
 Poisonous Vapours        Pois/Air       #.....       100%        2    ###....
 Slow                     Hex            #.......     100%        2    ###....
 Swiftness                Chrm/Air       #.......     100%        2    ###....
 Conjure Flame            Conj/Fire      #.......     100%        3    ####...
 Mephitic Cloud           Conj/Pois/Air  #.......     100%        3    ####...
 Static Discharge         Conj/Air       #.......     100%        3    ####...
 Airstrike                Air            #.........   100%        4    #####..
 Olgreb's Toxic Radiance  Pois           #.......     100%        4    #####..
 Lightning Bolt           Conj/Air       #.........   100%        5    ######.
 Venom Bolt               Conj/Pois      #.........   100%        5    ######.


Dungeon Overview and Level Annotations

Branches:
Dungeon (11/15)            Temple (1/1) D:4            Lair (0/6) D:10
    Orc (0/2) D:10

Altars:
Cheibriados
Dithmenos
Gozag
Hepliaklqana
Makhleb
Nemelex Xobeh
Ru
Sif Muna
Yredelemnul
Zin
The Shining One

Shops:
D:10 =[**


Innate Abilities, Weirdness & Mutations

You have very sharp fingernails.
You are partially covered in icy blue scales. (AC +2)
Your flesh is heat resistant. (rF+)
Scrolls take you a little longer to read.
Potions are less effective at restoring your health.


Message History

The orb of electricity engulfs you!
* * * LOW HITPOINT WARNING * * *
The orb of electricity engulfs the yak.
The yak is heavily wounded.
The orb of electricity engulfs the yak.
You kill the yak!
Makhleb accepts your kill.
You feel better.
Your Invocations skill increases to level 9!
You hear a shout! x16
A gnoll opens the door.
A big kobold comes into view. It is wielding a club.
A gnoll sergeant comes into view. It is wielding a trident.
An orc comes into view. It is wielding a club.
Found a staircase to the Orcish Mines. 2 gnolls, 3 big kobolds, 2 orcs, an ogre and a troll come into view.
Really read with blurry vision while enemies are nearby?
The big kobold shouts!
The death yak gores you!
You die... ### #.. ##### #.#.# #8oKK8#.#.# #.gOoK#.#.# #TogggK.#.#

#@#Y# #Y#Y######
######Y#.Y....#
+.....†Y......#
#.?...........#
##.....###...######
###
#.....###...##...##...
#.....................
#.....................


You could see a death yak, 2 yaks, a troll, 4 big kobolds, an ogre, 2 gnoll
sergeants, 2 gnolls and 3 orcs.

Vanquished Creatures
  2 death yaks (D:9)
  An unseen horror (D:10)
  The ghost of LA the Cleaver, a novice MiFi of Okawaru (D:6)
  A hornet (D:10)
  A hippogriff (D:9)
  Sigmund (D:5)
  A spriggan (D:7)
  2 yaks (D:10)
  A porcupine (D:10)
  A black bear (D:7)
  4 ice beasts
  4 orc warriors
  2 necrophages
  2 phantoms
  10 ogres
  A crocodile (D:9)
  A big kobold (D:10)
  3 bullfrogs
  2 scorpions
  5 wights (D:10)
  3 howler monkeys (D:8)
  3 bullfrog zombies
  A centaur zombie (D:9)
  A crimson imp (D:6)
  9 hounds
  4 bullfrog skeletons
  4 orc priests
  A gnoll shaman (D:5)
  A jelly (D:4)
  4 orc wizards
  4 centaur skeletons
  2 iguanas
  8 worker ants
  3 hell rats
  A hound zombie (D:5)
  A hound skeleton (D:4)
  Robin (D:4)
  13 adders
  6 gnolls
  2 shadow imps
  A worm (D:2)
  An adder skeleton (D:6)
  4 dart slugs
  2 leopard geckos
  28 orcs
  A ball python (D:8)
  10 bats
  3 giant cockroaches
  17 goblins
  8 hobgoblins
  8 jackals
  9 quokkas
  4 frilled lizards
  15 kobolds
  2 leopard gecko zombies
  A quokka skeleton (D:7)
  A quokka zombie (D:8)
  8 rats
241 creatures vanquished.

Vanquished Creatures (others)
  An orc wizard (D:5)
1 creature vanquished.

Grand Total: 242 creatures vanquished

Notes
Turn   | Place    | Note
-------+----------+-------------------------------------------
     0 | D:1      | ssg the Demonspawn Monk began the quest for the Orb.
     0 | D:1      | Reached XP level 1. HP: 18/18 MP: 1/1
     6 | D:1      | Noticed a salamander
     6 | D:1      | Noticed a hound
     6 | D:1      | Noticed a polar bear
     6 | D:1      | Noticed a rime drake
     6 | D:1      | Noticed a worker ant
   447 | D:1      | Gained mutation: You have sharp fingernails. [demonic
                  | ancestry]
   447 | D:1      | Reached XP level 2. HP: 24/24 MP: 2/2
   648 | D:1      | Reached skill level 1 in Armour
   819 | D:2      | Reached skill level 1 in Unarmed Combat
   829 | D:2      | Reached XP level 3. HP: 17/29 MP: 3/3
  2269 | D:2      | Gained mutation: You are partially covered in icy blue
                  | scales. (AC +2) [demonic ancestry]
  2269 | D:2      | Reached XP level 4. HP: 36/36 MP: 4/4
  2681 | D:3      | Reached XP level 5. HP: 16/42 MP: 5/5
  3776 | D:4      | Found a staircase to the Ecumenical Temple.
  3809 | D:4      | Reached XP level 6. HP: 43/48 MP: 6/6
  3824 | Temple   | Entered the Ecumenical Temple
  3852 | Temple   | Became a worshipper of Makhleb the Destroyer
  3852 | Temple   | Reached * piety under Makhleb
  3852 | Temple   | Reached ** piety under Makhleb
  3947 | D:4      | Found a snail-covered altar of Cheibriados.
  3980 | D:4      | Found a hazy altar of Hepliaklqana.
  4216 | D:4      | Reached skill level 1 in Invocations
  4363 | D:4      | Noticed Robin
  4374 | D:4      | Killed Robin
  4374 | D:4      | Reached XP level 7. HP: 50/55 MP: 7/7
  4665 | D:5      | Entered Level 5 of the Dungeon
  4706 | D:5      | Noticed Sigmund
  4714 | D:5      | Killed Sigmund
  4714 | D:5      | Reached skill level 5 in Fighting
  4739 | D:5      | Reached skill level 5 in Unarmed Combat
  4972 | D:5      | Reached XP level 8. HP: 56/62 MP: 10/10
  5204 | D:5      | Reached *** piety under Makhleb
  5413 | D:6      | Noticed LA's ghost (novice MiFi)
  5894 | D:6      | Found a runed door.
  6116 | D:6      | Killed LA's ghost
  6116 | D:6      | Reached skill level 5 in Invocations
  6116 | D:6      | Gained mutation: Your flesh is heat resistant. (rF+)
                  | [demonic ancestry]
  6116 | D:6      | Reached XP level 9. HP: 69/69 MP: 11/13
  6411 | D:7      | Reached skill level 5 in Armour
  6641 | D:7      | Reached **** piety under Makhleb
  6823 | D:7      | Found a sacrificial altar of Ru.
  7564 | D:8      | Found a shadowy altar of Dithmenos.
  7564 | D:8      | Found an opulent altar of Gozag.
  8809 | D:9      | Gained mutation: You have very sharp fingernails. [demonic
                  | ancestry]
  8809 | D:9      | Reached XP level 10. HP: 76/77 MP: 15/15
  9180 | D:9      | Found a deep blue altar of Sif Muna.
  9795 | D:10     | Entered Level 10 of the Dungeon
  9914 | D:10     | Found Qemizoed's Assorted Antiques.
  9914 | D:10     | Noticed a death yak
  9916 | D:10     | Found a staircase to the Lair.
  9917 | D:10     | Noticed a death yak
  9919 | D:10     | Noticed a death yak
 10450 | D:9      | HP: 5/115 [death yak (11)]
 10453 | D:9      | Killed a death yak
 10461 | D:9      | Killed a death yak
 11032 | D:10     | Found Ithri's Armour Shoppe.
 11032 | D:10     | Found Kaarup's Jewellery Shoppe.
 11037 | D:10     | Found Wusesh's General Store.
 11272 | D:10     | Bought an uncursed amulet of regeneration for 420 gold
                  | pieces
 11312 | D:10     | Killed an unseen horror
 11415 | D:10     | Gained mutation: Your spells are a little easier to cast,
                  | but a little less powerful. [potion of mutation]
 11415 | D:10     | Gained mutation: Scrolls take you a little longer to read.
                  | [potion of mutation]
 11415 | D:10     | Gained mutation: Potions are less effective at restoring
                  | your health. [potion of mutation]
 11415 | D:10     | Lost mutation: Your spells are a little easier to cast, but
                  | a little less powerful. [potion of mutation]
 11634 | D:10     | Paralysed by a hornet for 3 turns
 11807 | D:10     | Found a sacrificial altar of Ru.
 11915 | D:10     | Found a staircase to the Orcish Mines.
 11916 | D:10     | Slain by a death yak

Skill      XL: |  1  2  3  4  5  6  7  8  9 10 |
---------------+-------------------------------+-----
Armour         | 1 2 3 4 6 8 |  8.7
Unarmed Combat | 1 2 3 4 5 6 8 9 |  9.9
Fighting       | 4 5 6 |  6.3
Invocations    | 1 3 5 7 9 |  9.0
Long Blades    | |  2.8
Dodging        | |  2.6
Stealth        | |  1.7

Action                   |  1- 3 |  4- 6 |  7- 9 | 10-12 || total
-------------------------+-------+-------+-------+-------++-------
Melee: Falchion          |    24 |       |       |       ||    24
       Unarmed           |   163 |   317 |   465 |   240 ||  1185
       Punch             |       |     1 |    14 |     4 ||    19
Invok: Major Destruction |       |       |     1 |     2 ||     3
Evoke: Wand              |       |       |     1 |       ||     1
  Use: Scroll            |       |       |    13 |     4 ||    17
       Potion            |       |       |     3 |     7 ||    10
 Stab: Sleeping          |     3 |       |       |       ||     3
       Distracted        |       |       |       |     1 ||     1
  Eat: Chunk             |     1 |     2 |    16 |     4 ||    23
       Ration            |     1 |     1 |       |     2 ||     4
Armor: Leather armour    |    26 |       |       |       ||    26
       Robe              |     3 |       |       |       ||     3
       Scale mail        |    29 |   177 |   119 |       ||   325
       Plate armour      |       |       |   144 |   196 ||   340
       Skin              |       |       |       |    53 ||    53
Dodge: Dodged            |   122 |   211 |   191 |    69 ||   593
       Rpst.: Falchion   |     9 |       |       |       ||     9
